 Dungeon Crawl Stone Soup version 0.31-a0-232-gb1c03b2570 (webtiles) character file.

Game seed: 8705817844249480124

110 qw the Shooter (level 4, -3/26 HPs)
             Began as a Gargoyle Hexslinger on July 7, 2023.
             Slain by a wight
             ... wielding a +5 hand axe
              (5 damage)
             ... on level 3 of the Dungeon.
             The game lasted 00:00:38 (1714 turns).

qw the Shooter (Gargoyle Hexslinger)                Turns: 1714, Time: 00:00:39

Health: -3/26      AC:  8    Str: 11    XL:     4   Next: 91%
Magic:  5/5        EV: 10    Int: 14    God:
Gold:   148        SH:  0    Dex: 14    Spells: 4/5 levels left

rFire   . . .        Y - +3 sling
rCold   . . .        (no shield)
rNeg    + . .        e - +0 ring mail
rPois   inf          (no helmet)
rElec   +            (no cloak)
rCorr   .            (no gloves)
SInv    .            (no boots)
Will    .....        (no amulet)
Stlth   +            (no ring)
HPRegen 0.24/turn    (no ring)
MPRegen 0.09/turn

%: no passive effects
@: no status effects
A: sickness immunity, AC +3, negative energy resistance 1, electricity
resistance, torment resistance 1, petrification resistance
a: no special abilities


You were on level 3 of the Dungeon.
You visited 1 branch of the dungeon, and saw 3 of its levels.

You collected 148 gold pieces.


Innate Abilities, Weirdness & Mutations

You are immune to sickness and miasma.
Your stone body is resilient. (AC +3)
You are immune to poison.
You resist negative energy. (rN+)
You are resistant to electric shocks. (rElec)
You are resistant to unholy torment.
You are immune to petrification.


   Skills:
 - Level 2.0 Fighting
 + Level 4.4 Ranged Weapons
 - Level 1.0 Armour
 - Level 1.5 Dodging
 - Level 1.0 Spellcasting
 - Level 2.6 Hexes


You had 4 spell levels left.
You knew the following spells:

 Your Spells              Type           Power      Damage    Failure   Level
a - Slow                  Hex            32%        N/A       21%         1

Your spell library contained the following spells:

 Spells                   Type           Power      Damage    Failure   Level
 Inner Flame              Hex/Fire       4%         N/A       71%         3
 Portal Projectile        Hex/Tloc       8%         N/A       71%         3
 Cause Fear               Hex            4%         N/A       90%         4

Inventory:

Hand Weapons
 Y - a +3 sling (weapon)
Armour
 e - a +0 ring mail (worn)
Potions
 d - a potion of mutation {unknown}
 g - a potion of haste {unknown}
 i - a potion of degeneration {unknown}

Dungeon Overview and Level Annotations

Branches:
Dungeon (3/15)

Altars:

Annotations:
D:3 3 runed translucent doors, qw's ghost, amateur GrHs


Message History

Found 3 stones.
A bat comes into view.
You shoot a sling bullet.
The sling bullet closely misses the bat.
You shoot a sling bullet. The sling bullet barely misses the bat.
The bat barely misses you. The bat hits you but does no damage. x2
You shoot a sling bullet. The sling bullet hits the bat.
The bat is severely wounded.
The bat barely misses you.
You shoot a sling bullet. The sling bullet hits the bat.
You kill the bat!
You see here a bat corpse.
Qw's ghost turns its malevolent gaze towards you. x2
You now have 148 gold pieces (gained 6).
Qw's ghost says, "I was once a great warrior, and I still am!"
Found a stone staircase leading down.
Qw's ghost hits something.
Found a stone staircase leading up.
There is a stone staircase leading up here. 2 wights come into view.
You shoot a sling bullet. The sling bullet hits the wight.
The wight is lightly damaged.
You shoot a sling bullet.
The sling bullet hits the wight but does no damage.
The wight is lightly damaged.
You shoot a sling bullet.
The sling bullet hits the wight but does no damage.
The wight is lightly damaged.
The wight hits you with a +5 hand axe.
You shoot a sling bullet.
The sling bullet closely misses the wight.
The wight hits you with a +5 hand axe!
You shoot a sling bullet.
The sling bullet hits the wight but does no damage.
The wight is lightly damaged.
The wight barely misses you. The wight completely misses you.
You shoot a sling bullet. The sling bullet hits the wight!
The wight is severely damaged.
The wight hits you with a +5 hand axe! The wight completely misses you.
The wight hits you with a +5 hand axe.
You die...

#..# ...##
.... ...#
...# #...#
######z..##
#....@z...#
#.####.#.##
#.# #.#
#.####.##
#.......#
..######..#
..........#
#.######..#
###..#


You could see 2 wights.

Vanquished Creatures
  A hound (D:2)
  3 adders
  A worm (D:2)
  A dart slug (D:1)
  An orc (D:2)
  6 bats
  6 endoplasms (D:1)
  A giant cockroach (D:1)
  6 goblins
  4 hobgoblins
  2 jackals (D:3)
  4 ball pythons
  4 frilled lizards
  4 kobolds
  2 rats (D:1)
46 creatures vanquished.

Notes
Turn   | Place    | Note
-------+----------+-------------------------------------------
     0 | D:1      | qw the Gargoyle Hexslinger began the quest for the Orb.
     0 | D:1      | Reached XP level 1. HP: 12/12 MP: 2/2
     0 | D:1      | 0 ||| qw: Version: 0.3-a-46-gb1f654a
     0 | D:1      | 0 ||| qw: Game counter: 2776
     0 | D:1      | 0 ||| qw: Melee chars always use a shield: true
     0 | D:1      | 0 ||| qw: God list: Okawaru
     0 | D:1      | 0 ||| qw: Allow faded altars: false
     0 | D:1      | 0 ||| qw: Do Orc after clearing Dungeon:15 true
     0 | D:1      | 0 ||| qw: Do second Lair branch before Depths: true
     0 | D:1      | 0 ||| qw: Lair rune preference: random
     0 | D:1      | 0 ||| qw: Goals: Normal
     0 | D:1      | 0 ||| PLANNING D:1-11
   129 | D:1      | Reached XP level 2. HP: 16/16 MP: 3/3
   170 | D:1      | Reached skill level 3 in Ranged Weapons
   264 | D:1      | Reached XP level 3. HP: 21/21 MP: 4/4
   513 | D:1      | 513 ||| UPGRADING to +0 ring mail.
   523 | D:1      | 523 ||| DROPPING +0 robe.
   524 | D:1      | 524 ||| READING 2 scrolls labelled JONKEE HOIB.
   525 | D:1      | 525 ||| DROPPING scroll of noise.
   526 | D:1      | 526 ||| DROPPING scroll of poison.
   670 | D:2      | HP: 5/21 [hound (4)]
   678 | D:2      | Reached skill level 4 in Ranged Weapons
   678 | D:2      | Reached XP level 4. HP: 6/26 MP: 5/5
   949 | D:2      | Reached skill level 1 in Armour
  1517 | D:2      | 1517 ||| READING scroll labelled LIQOIN ACOYD.
  1518 | D:2      | 1518 ||| READING scroll labelled KONUPN WUMANE.
  1521 | D:2      | 1521 ||| READING scroll labelled UPREUSOURI.
  1522 | D:2      | 1522 ||| READING 2 scrolls labelled YFANEE XIZIQ.
  1523 | D:2      | 1523 ||| READING scroll of enchant weapon.
  1523 | D:2      | 1523 ||| ENCHANTING +2 sling.
  1524 | D:2      | 1524 ||| READING scroll labelled HAOCAIZUET.
  1525 | D:2      | 1525 ||| READING scroll labelled ZAIHIMNAL.
  1645 | D:3      | Found a runed translucent gate.
  1645 | D:3      | Found a runed translucent gate.
  1646 | D:3      | Found a runed translucent gate.
  1647 | D:3      | Noticed qw's ghost (amateur GrHs)
  1647 | D:3      | Noticed qw's ghost (amateur GrHs)
  1714 | D:3      | HP: 2/26 [wight/+5 hand axe (10)]
  1714 | D:3      | Slain by a wight

Levels and vault maps discovered:
D:1:      saegor_arrival_fortress, layout_rooms, minmay_misc_feat_square
D:2:      layout_loops_corners, st_stairs_14, minmay_tromino_i2
D:3:      layout_loops_ring, mainiacjoe_overflow_concentric_impassable,
          gammafunk_ghost_cemetery, nicolae_figureground_pulse

Skill      XL: |  1  2  3  4 |
---------------+-------------+-----
Ranged Weapons | 3 4 |  4.4
Fighting       | 2 |  2.0
Armour         | 1 |  1.0
Dodging        | |  1.5
Spellcasting   | |  1.0
Hexes          | |  2.6

Action                     |  1- 3 |  4- 6 || total
---------------------------+-------+-------++-------
   Fire: Sling             |   107 |    53 ||   160
    Use: Scroll            |     1 |     7 ||     8
 Armour: Robe              |     9 |       ||     9
         Ring mail         |    10 |    20 ||    30
  Dodge: Dodged            |    36 |    19 ||    55

Table legend:
 A = Non-vault XP
 B = Vault XP
 C = Vault XP percentage of total XP
 D = Non-vault monster count
 E = Vault monster count
 F = Vault count percentage of total count
                 A         B        C        D         E       F
            +---------+---------+-------+---------+---------+-------
      Total |     150 |       8 |   5.1 |      42 |       4 |   8.7
            +---------+---------+-------+---------+---------+-------
        D:1 |      41 |       0 |   0.0 |      25 |       0 |   0.0
        D:2 |      88 |       8 |   8.3 |      12 |       4 |  25.0
        D:3 |      21 |       0 |   0.0 |       5 |       0 |   0.0
            +---------+---------+-------+---------+---------+-------
